 Dungeon Crawl Stone Soup version 0.30-a0-1160-g6e42c06551 (webtiles) character file.

Game seed: 3321078079786486897

107 iamoutofideas the Chopper (level 4, -5/14 (37) HPs)
             Began as a Hill Orc Reaver on Apr 27, 2023.
             Killed from afar by a white imp (8 damage)
             ... with a puff of frost
             ... on level 3 of the Dungeon.
             The game lasted 00:02:04 (2009 turns).

iamoutofideas the Chopper (Hill Orc Reaver)         Turns: 2009, Time: 00:02:04

HP:   -5/14 (37)    AC:  5    Str: 16    XL:     4   Next: 85%
MP:   4/6           EV: 11    Int: 13    God:
Gold: 25            SH:  0    Dex:  9    Spells: 5/6 levels left

rFire   . . .        a - +0 hand axe
rCold   . . .        (no shield)
rNeg    . . .        r - +0 ring mail
rPois   .            (no helmet)
rElec   .            (no cloak)
rCorr   .            (no gloves)
SInv    .            (no boots)
Will    .....        d - amulet of the acrobat Stlth
                     (no ring)
HPRegen 0.22/turn    (no ring)
MPRegen 0.10/turn

%: acrobat
@: extremely drained
A: no striking features
a: no special abilities


You were on level 3 of the Dungeon.
You visited 1 branch of the dungeon, and saw 3 of its levels.

You collected 92 gold pieces.
You spent 67 gold pieces at shops.

Inventory:

Hand Weapons
 a - a +0 hand axe (weapon)
Armour
 n - a scarf of harm
 r - a +0 ring mail (worn)
Jewellery
 d - an amulet of the acrobat (around neck)
Scrolls
 e - a scroll of magic mapping {unknown}
 g - a scroll of noise {unknown}
 h - a scroll of amnesia {unknown}
 i - 2 scrolls of immolation {unknown}
 j - 2 scrolls of teleportation {unknown}
 k - a scroll of enchant weapon {unknown}
 l - 4 scrolls of identify {unknown}
 o - a scroll of fear {unknown}
 q - 3 scrolls of fog {unknown}
Potions
 b - 2 potions of ambrosia {unknown}
 c - 3 potions of mutation {unknown}
 f - a potion of might {unknown}
 m - a potion of curing
 p - a potion of lignification {unknown}


   Skills:
 + Level 2.8 Fighting
 * Level 5.5 Axes
 + Level 1.7 Armour
 + Level 2.2 Dodging
 + Level 0.2 Stealth
 + Level 1.6 Spellcasting
 + Level 3.2 Conjurations


You had 5 spell levels left.
You knew the following spells:

 Your Spells              Type           Power      Damage    Failure   Level
a - Kiss of Death         Conj/Necr      20%        2d7       26%         1

Your spell library contained the following spells:

 Spells                   Type           Power      Damage    Failure   Level
 Momentum Strike          Conj/Tloc      10%        3d8       36%         2
 Blink                    Tloc           2%         N/A       58%         2
 Lesser Beckoning         Tloc           2%         N/A       58%         2
 Hailstorm                Conj/Ice       5%         3d4       58%         3
 Gell's Gravitas          Tloc           1%         N/A       83%         3
 Teleport Other           Tloc           1%         N/A       83%         3
 Manifold Assault         Tloc           1%         N/A       99%         4
 Storm Form               Tmut/Air       0%         N/A       100%        7


Dungeon Overview and Level Annotations

Branches:
Dungeon (3/15)

Altars:
Ru

Shops:
D:1 *   D:2 !(?


Message History

The white imp is heavily wounded.
You hit the bat. The bat barely misses you.
The bat hits you but does no damage. The white imp gestures at you.
The puff of frost hits you.
You are too injured to fight recklessly!
Casting: Kiss of Death (safe; 26% risk of failure)
Confirm with . or Enter, or press ? or * to list all spells.
Aiming: Kiss of Death (safe; 26% risk of failure)
Press: ? - help, Shift-Dir - straight line, f - white imp
Aim: a white imp (heavily wounded, 100% to hit)
The negative energy hits the white imp.
The white imp completely resists.
The white imp is heavily wounded.
You feel drained. The bat closely misses you. The white imp hits you.
The white imp freezes you.
Casting: Kiss of Death (safe; 26% risk of failure)
Confirm with . or Enter, or press ? or * to list all spells.
Aiming: Kiss of Death (safe; 26% risk of failure)
Press: ? - help, Shift-Dir - straight line, f - bat, p - white imp
Aim: a bat (moderately wounded, 100% to hit)
The negative energy hits the bat!
The bat is drained!
You kill the bat!
You feel drained.
The white imp hits you but does no damage.
Casting: Kiss of Death (safe; 26% risk of failure)
Confirm with . or Enter, or press ? or * to list all spells.
You can't see any susceptible monsters within range! (Use Z to cast anyway.) Unknown command.
Casting: Kiss of Death (safe; 26% risk of failure)
Confirm with . or Enter, or press ? or * to list all spells.
You can't see any susceptible monsters within range! (Use Z to cast anyway.)
The white imp attacks as you move away! The white imp hits you.
The white imp freezes you.
* * * LOW HITPOINT WARNING * * *
You see here a bat corpse.
There is a stone staircase leading up here.
The white imp gestures at you. The puff of frost hits you!
Ouch! That really hurt!
You die...

...........##.. . ##
#####........###. ..# #
#####...........#####..#.#
.........................#
.....#.......##..........#
####....................##
.........######..........#
########.........5.......#
####.....@......^.#
#....†..$......#
#..............#
######........##
##......## ########


You could see a white imp.

Vanquished Creatures
  A hound (D:2)
  3 adders
  2 worms (D:3)
  A dart slug (D:1)
  An orc (D:3)
  3 endoplasms
  3 giant cockroaches
  A hobgoblin (D:2)
  6 jackals (D:1)
  9 kobolds
  A quokka (D:1)
  6 ball pythons
  2 bats
  3 frilled lizards
  2 rats (D:2)
44 creatures vanquished.

Notes
Turn   | Place    | Note
-------+----------+-------------------------------------------
     0 | D:1      | iamoutofideas the Hill Orc Reaver began the quest for the
                  | Orb.
     0 | D:1      | Reached XP level 1. HP: 18/18 MP: 3/3
    83 | D:1      | Reached XP level 2. HP: 3/23 MP: 2/4
   554 | D:1      | Found Bablut's Assorted Antiques.
   563 | D:1      | Bought a scroll labelled FITIFUYVUSA for 28 gold pieces
   662 | D:1      | Reached XP level 3. HP: 28/28 MP: 5/5
  1103 | D:2      | Found Detink's Distillery.
  1123 | D:2      | Bought a potion of curing for 39 gold pieces
  1253 | D:2      | Found a sacrificial altar of Ru.
  1280 | D:2      | Reached skill level 5 in Axes
  1280 | D:2      | Reached skill level 1 in Armour
  1280 | D:2      | Reached XP level 4. HP: 19/36 MP: 4/6
  1379 | D:2      | Found Teneppof's Magic Scroll Emporium.
  1692 | D:2      | Found Fudoicim's Antique Weapon Boutique.
  2009 | D:3      | Killed from afar by a white imp

Illustrated notes

Levels and vault maps discovered:
D:1:      dpeg_arrival_brainrot, layout_loops_ring, serial_shops, shop
D:2:      layout_loops_ring, basic_altar, serial_shops, shop,
          nicolae_shop_statue_plus, nicolae_shop_window_shopping
D:3:      layout_rooms, nicolae_vehumet_radiance, cheibriados_altar_1,
          shapermc_ecumenical_altar_mp_vishouse

Skill      XL: |  1  2  3 |
---------------+----------+-----
Axes           | 5 |  5.5
Armour         | 1 |  1.7
Dodging        | 2 |  2.2
Fighting       | |  2.8
Stealth        | |  0.2
Spellcasting   | |  1.6
Conjurations   | |  3.2

Action                     |  1- 3 |  4- 6 || total
---------------------------+-------+-------++-------
  Melee: Hand axe          |   112 |    43 ||   155
         Punch             |     1 |       ||     1
   Cast: Kiss of Death     |     3 |     4 ||     7
 Armour: Leather armour    |    31 |       ||    31
         Ring mail         |       |     9 ||     9
  Dodge: Dodged            |    98 |    29 ||   127

Table legend: (Time is in decaauts)
 A = Elapsed time spent in this place.
 B = Non-inter-level travel time spent in this place.
 C = Inter-level travel time spent in this place.
 D = Time resting spent in this place.
 E = Time spent auto-exploring this place.
 F = Levels seen in this place.
 G = Mean time per level.
                   A        B        C        D        E       F      G
               +--------+--------+--------+--------+--------+-----+--------+
         Total |   2018 |   1918 |    100 |    173 |   1404 |   3 |  672.7 |
       Dungeon |   2018 |   1918 |    100 |    173 |   1404 |   3 |  672.7 |
               +--------+--------+--------+--------+--------+-----+--------+

Top non-repeatable levels by time:
     D:1: 1008 daAuts
     D:2: 826 daAuts
     D:3: 183 daAuts
